Workbook
Name AbaDeprec: #REF!
Name AbaDeprec: #REF!
Name AbaDeprec: #REF!
Name AbaRemun: #REF!
Name AbaRemun: #REF!
Name AbaRemun: #REF!
Name Escavadeira: #REF!
Name Escavadeira: #REF!
Name número: #REF!
Name número: #REF!
Name número: #REF!
Name x: #REF!
Name x: #REF!
Name x: #REF!

Sheet Van 18 lugares- Centro Dia
A1: PLANILHA DE COMPOSIÇÃO DE CUSTOS E FORMAÇÃO DE PREÇO
A2: GRUPO A - Identificação
A3: Nº do processo: | B3: PAE 2025-8366 | C3: Nº Licitação: | F3: Data: | G3: 45930
A4: Veículo: | B4: Van com 18 lugares | D4: Serviço: | E4: Transporte CENTRO DIA
A6: GRUPO B - Orçamento Sintético
A7: Formas de Tributação | C7: LUCRO REAL | E7: LUCRO PRESUMIDO | G7: SIMPLES NAC.
A8: Descrição do Item | C8: Custo (R$/mês) | D8: AV % | E8: Custo (R$/mês) | F8: AV % | G8: Custo (R$/mês) | H8: AV %
A9: =A46 -> 1. Mão-de-obra | C9: =+G75 -> 855.96456 | D9: =SUM(D10:D12) -> 0.1706 | E9: =G75 -> 855.96456 | F9: =SUM(F10:F12) -> 0.18145003 | G9: =G76 -> 703.44379 | H9: =SUM(H10:H12) -> 0.1548
A10: 1.1. Motorista | C10: =G54 -> 688.53697 | D10: =ROUND(IFERROR(C10/$C$25,0),4) -> 0.1373 | E10: =C10 -> 688.53697 | F10: =(IFERROR(E10/$E$25,0)) -> 0.14595821 | G10: =G60 -> 536.0162 | H10: =ROUND(IFERROR(G10/$G$25,0),4) -> 0.1179
A11: =A62 -> 1.2. Vale Transporte | C11: =G67 -> 20.79759 | D11: =ROUND(IFERROR(C11/$C$25,0),4) -> 0.0041 | E11: =C11 -> 20.79759 | F11: =(IFERROR(E11/$E$25,0)) -> 0.0044087378 | G11: =E11 -> 20.79759 | H11: =ROUND(IFERROR(G11/$G$25,0),4) -> 0.0046
A12: =A69 -> 1.3. Vale-refeição (diário) | C12: =G72 -> 146.63 | D12: =ROUND(IFERROR(C12/$C$25,0),4) -> 0.0292 | E12: =C12 -> 146.63 | F12: =(IFERROR(E12/$E$25,0)) -> 0.031083083 | G12: =E12 -> 146.63 | H12: =ROUND(IFERROR(G12/$G$25,0),4) -> 0.0323
A13: =A78 -> 2. Veículos | C13: =+G145 -> 2850.0025 | D13: =SUM(D14:D20) -> 0.5681 | E13: =C13 -> 2850.0025 | F13: =SUM(F14:F20) -> 0.60415238 | G13: =E13 -> 2850.0025 | H13: =SUM(H14:H20) -> 0.627
A14: =A79 -> 2.1 Depreciação | C14: =G86 -> 327.19547 | D14: =ROUND(IFERROR(C14/$C$25,0),4) -> 0.0652 | E14: =C14 -> 327.19547 | F14: =(IFERROR(E14/$E$25,0)) -> 0.069359912 | G14: =E14 -> 327.19547 | H14: =ROUND(IFERROR(G14/$G$25,0),4) -> 0.072
A15: =A87 -> 2.2 Remuneração do Capital | C15: =G97 -> 532.12368 | D15: =ROUND(IFERROR(C15/$C$25,0),4) -> 0.1061 | E15: =C15 -> 532.12368 | F15: =(IFERROR(E15/$E$25,0)) -> 0.11280123 | G15: =E15 -> 532.12368 | H15: =ROUND(IFERROR(G15/$G$25,0),4) -> 0.1171
A16: =A98 -> 2.3. Impostos e Seguros | C16: =G107 -> 97.40665 | D16: =ROUND(IFERROR(C16/$C$25,0),4) -> 0.0194 | E16: =C16 -> 97.40665 | F16: =(IFERROR(E16/$E$25,0)) -> 0.020648564 | G16: =E16 -> 97.40665 | H16: =ROUND(IFERROR(G16/$G$25,0),4) -> 0.0214
A17: =A108 -> 2.4. Consumos | C17: =G123 -> 940.87 | D17: =ROUND(IFERROR(C17/$C$25,0),4) -> 0.1876 | E17: =C17 -> 940.87 | F17: =(IFERROR(E17/$E$25,0)) -> 0.19944855 | G17: =E17 -> 940.87 | H17: =ROUND(IFERROR(G17/$G$25,0),4) -> 0.207
A18: =A125 -> 2.5. Manutenção | C18: =G129 -> 760 | D18: =ROUND(IFERROR(C18/$C$25,0),4) -> 0.1515 | E18: =C18 -> 760 | F18: =(IFERROR(E18/$E$25,0)) -> 0.16110716 | G18: =E18 -> 760 | H18: =ROUND(IFERROR(G18/$G$25,0),4) -> 0.1672
A19: =A131 -> 2.6. Pneus | C19: =G137 -> 120 | D19: =ROUND(IFERROR(C19/$C$25,0),4) -> 0.0239 | E19: =C19 -> 120 | F19: =(IFERROR(E19/$E$25,0)) -> 0.025437973 | G19: =E19 -> 120 | H19: =ROUND(IFERROR(G19/$G$25,0),4) -> 0.0264
A20: =A139 -> 2.7. Rastreador GPS | C20: =G143 -> 72.406667 | D20: =ROUND(IFERROR(C20/$C$25,0),4) -> 0.0144 | E20: =C20 -> 72.406667 | F20: =(IFERROR(E20/$E$25,0)) -> 0.01534899 | G20: =E20 -> 72.406667 | H20: =ROUND(IFERROR(G20/$G$25,0),4) -> 0.0159
A21: =A147 -> 3. Ferramentas e Materiais de Consumo | C21: =+G155 -> 100.5 | D21: =ROUND(IFERROR(C21/$C$25,0),4) -> 0.02 | E21: =C21 -> 100.5 | F21: =(IFERROR(E21/$E$25,0)) -> 0.021304302 | G21: =E21 -> 100.5 | H21: =ROUND(IFERROR(G21/$G$25,0),4) -> 0.0221
A22: =A160 -> 4. Benefícios e Desp. Ind. - BDI - LUCRO REAL | C22: =+G165 -> 1208.55 | D22: =ROUND(IFERROR(C22/$C$25,0),4) -> 0.241
A23: =A173 -> 5. Benefícios e Desp. Ind. - BDI - LUCRO PRESUMIDO | E23: =G179 -> 910.89 | F23: =(IFERROR(E23/$E$25,0)) -> 0.19309329
A24: =A187 -> 6. Benef. Desp. Ind. + Impostos - SIMPLES NACIONAL | G24: =G190+G203 -> 891.33 | H24: =ROUND(IFERROR(G24/$G$25,0),4) -> 0.1961
A25: PREÇO TOTAL MÊS (R$/Mês) | C25: =C9+C13+C21+C22 -> 5015.017 | D25: =D9+D13+D21+D22 -> 0.9997 | E25: =E9+E13+E21+E23 -> 4717.357 | F25: =F9+F13+F21+F23 -> 1 | G25: =G9+G13+G21+G24 -> 4545.2762 | H25: =H9+H13+H21+H24 -> 1
A26: PREÇO POR QUILOMETRO (R$/Km) | C26: =G171 -> 4.18 | E26: =G185 -> 3.93 | G26: =G210 -> 3.79
A28: GRUPO C - Informações sobre
A29: C1- Mão-de-obra | F29: Quantidade | G29: R$ / mês
A30: Motoristas | F30: 1 | G30: 2367
A31: Total de mão-de-obra (postos de trabalho) | F31: =SUM(F30:F30) -> 1 | G31: =SUM(G30:G30) -> 2367
A33: C2- Veículos | C33: Vida útil do Veículo | D33: Taxa depre- ciação Anual | E33: Capacidade (Lugares) | F33: Quantidade | G33: Valor (R$)
A34: Veículo Sprinter 517 Van E.L.T.A 18 lugares Mercedez Benz ano 2025 - Diesel | C34: 10 | D34: =1/C34 -> 0.1 | E34: 18 | F34: 1 | G34: 353305
A35: Consumo médio (Km / litro) e Valor do litro (R$) | F35: 8 | G35: 5.58
A37: C3- Distâncias | C37: Unidade | F37: Km por dia | G37: Km por mês
A38: Distância percorrida | C38: Km | F38: 60 | G38: =F38*F39 -> 1200 | I38: =G38*12 -> 14400
A39: Dias rodados por mês | C39: Dias | F39: 20 | G39: Horas do Dia
A40: Velocidade média | C40: km | F40: 40 | G40: =F38/F40 -> 1.5
A42: C4- Fatores | C42: % | D42: Aplicação
A43: Fator de utilização (FU) | C43: =G40/8.8 -> 0.17045455 | D43: Equipe, Vale transporte e vale alimentação
A45: CÁLCULOS (itenização numérica)
A46: 1. Mão-de-obra
A47: 1.1. Motorista - EMPRESA LUCRO REAL E PRESUMIDO
A48: Discriminação | C48: Unidade | D48: Quantidade | E48: Custo unitário | F48: Subtotal | G48: Total (R$) | H48: R$/Km
A49: Piso da categoria | C49: mês | D49: 1 | E49: =G30 -> 2367 | F49: =D49*E49 -> 2367
A50: Soma | F50: =SUM(F49:F49) -> 2367
A51: Encargos Sociais | C51: % | D51: ='Enc. Soc. - LR-LP e SN'!C$28*100 -> 70.61 | E51: =F50 -> 2367 | F51: =ROUND(E51*D51/100,2) -> 1671.34
A52: Total por Motorista | F52: =F50+F51 -> 4038.34
A53: Total do Efetivo | C53: homem | D53: =F30 -> 1 | E53: =F52 -> 4038.34 | F53: =D53*E53 -> 4038.34 | G53: =F53 -> 4038.34 | H53: =G53/G$38 -> 3.3652833
E54: Fator de utilização | F54: 0.1705 | G54: =F53*F54 -> 688.53697 | H54: =G54/G$38 -> 0.57378081
A56: 1.1.1- Motorista - EMPRESA SIMPLES NACIONAL
A57: Encargos Sociais | C57: % | D57: ='Enc. Soc. - LR-LP e SN'!C$38*100 -> 32.81728 | E57: =F50 -> 2367 | F57: =ROUND(E57*D57/100,2) -> 776.79
A58: Total por Motorista | F58: =E57+F57 -> 3143.79
A59: Total do Efetivo | C59: homem | D59: =D53 -> 1 | E59: =F58 -> 3143.79 | F59: =D59*E59 -> 3143.79 | G59: =F59 -> 3143.79 | H59: =G59/G$38 -> 2.619825
E60: Fator de utilização | F60: =F54 -> 0.1705 | G60: =F59*F60 -> 536.0162 | H60: =G60/G$38 -> 0.44668016
A62: 1.2. Vale Transporte
A63: Discriminação | C63: Unidade | D63: Quantidade | E63: Custo unitário | F63: Subtotal | G63: Total (R$) | H63: R$/Km
A64: Vale Transporte | C64: R$ | D64: 1 | E64: 6.6
A65: Dias Trabalhados por mês | C65: dia | D65: =F39 -> 20
A66: Motorista (Vlr líq. desc. 6,% s/piso sal.) | C66: vale | D66: =$D$65*2*(F30) -> 40 | E66: =IF(E64=0,"",IFERROR((($D$65*2*$E$64)-(F49*0.06*D65/D65))/($D$65*2),"-")) -> 3.0495 | F66: =IFERROR(D66*E66,"-") -> 121.98 | G66: =F66 -> 121.98 | H66: =G66/G$38 -> 0.10165
E67: Fator de utilização | F67: =F60 -> 0.1705 | G67: =F66*F67 -> 20.79759 | H67: =G67/G$38 -> 0.017331325
A69: 1.3. Vale-refeição (diário)
A70: Discriminação | C70: Unidade | D70: Quantidade | E70: Custo unitário | F70: Subtotal | G70: Total (R$) | H70: R$/Km
A71: Motorista (Café e Almoço) | C71: unidade | D71: =D65*(F30) -> 20 | E71: =15+28 -> 43 | F71: =D71*E71 -> 860 | G71: =F71 -> 860 | H71: =G71/G$38 -> 0.71666667
E72: Fator de utilização | F72: =F67 -> 0.1705 | G72: =F71*F72 -> 146.63 | H72: =G72/G$38 -> 0.12219167
A75: Custo Mensal com Mão-de-obra (R$/mês) - LUCRO REAL E PRESUMIDO | G75: =G54+G67+G72 -> 855.96456 | H75: =G75/G$38 -> 0.7133038
A76: Custo Mensal com Mão-de-obra (R$/mês) - SIMPLES NACIONAL | G76: =G60+G67+G72 -> 703.44379 | H76: =G76/G$38 -> 0.58620315
A78: 2. Veículos
A79: 2.1 Depreciação
A80: Discriminação | C80: Unidade | D80: Quantidade | E80: Custo unitário | F80: Subtotal | G80: Total (R$) | H80: R$/Km
A81: Custo de aquisição do veículo | C81: unidade | D81: 1 | E81: =G34 -> 353305 | F81: =D81*E81 -> 353305
A82: Vida útil do veícuo | C82: anos | D82: =C34 -> 10
A83: Depreciação do veículo | C83: % | D83: =Depr.!B12 -> 65.18 | E83: =F81 -> 353305 | F83: =D83*E83/100 -> 230284.2
A84: Depreciação mensal veículos | C84: mês | D84: =D82*12 -> 120 | E84: =F83 -> 230284.2 | F84: =IFERROR(E84/D84,0) -> 1919.035
A85: Total da frota | C85: unidade | D85: =F34 -> 1 | E85: =F84 -> 1919.035 | F85: =D85*E85 -> 1919.035
E86: Fator de utilização | F86: =F67 -> 0.1705 | G86: =F85*F86 -> 327.19547 | H86: =G86/G$38 -> 0.27266289
A87: 2.2 Remuneração do Capital
A88: Discriminação | C88: Unidade | D88: Quantidade | E88: Custo unitário | F88: Subtotal | G88: Total (R$) | H88: R$/Km
A89: Custo do veículo | C89: unidade | D89: 1 | E89: =E81 -> 353305 | F89: =D89*E89 -> 353305
A90: Taxa de juros anual nominal | C90: % | D90: 15
A91: Valor do veículo proposto (Vo) | C91: R$ | D91: =F89 -> 353305
A92: Valor residual do veículo proposto (Vr) | D92: =F81-F83 -> 123020.8
A93: Investimento médio total do veículo | C93: R$ | D93: =(D91-D92)*((D82+1)/(2*D82))+D92 -> 249677.11
A94: Remuneração mensal de capital do veículo | C94: R$ | E94: =ROUND(D90*D93/12/100,2) -> 3120.96 | F94: =E94 -> 3120.96
A95: Total por veículo | F95: =F94 -> 3120.96
A96: Total da frota | C96: unidade | D96: =D85 -> 1 | E96: =F95 -> 3120.96 | F96: =D96*E96 -> 3120.96
E97: Fator de utilização | F97: =F67 -> 0.1705 | G97: =F96*F97 -> 532.12368 | H97: =G97/G$38 -> 0.4434364
A98: 2.3. Impostos e Seguros
A99: Discriminação | C99: Unidade | D99: Quantidade | E99: Custo unitário | F99: Subtotal | G99: Total (R$) | H99: R$/Km
A100: IPVA | C100: unidade | D100: =D85 -> 1 | E100: =0.01*($F$81) -> 3533.05 | F100: =D100*E100 -> 3533.05
A101: Licenciamento | C101: unidade | D101: =D85 -> 1 | E101: 109.27 | F101: =D101*E101 -> 109.27
A102: Seguro contra terceiros | C102: unidade | D102: =D85 -> 1 | E102: 1373.55 | F102: =D102*E102 -> 1373.55
A103: Seguro contra acidentes (usuários) | C103: unidade | D103: 1 | E103: 1228.52 | F103: =D103*E103 -> 1228.52
A104: Aferição do tacógrafo | C104: unidade | D104: 1 | E104: 566.18 | F104: =D104*E104 -> 566.18
A105: Vistorias Técnicas | C105: unidade | D105: 1 | E105: 45 | F105: =D105*E105 -> 45
A106: Impostos e seguros mensais | C106: mês | D106: 12 | E106: =SUM(F100:F105) -> 6855.57 | F106: =ROUND(E106/D106,2) -> 571.3
E107: Fator de utilização | F107: =F67 -> 0.1705 | G107: =F106*F107 -> 97.40665 | H107: =G107/G$38 -> 0.081172208
A108: 2.4. Consumos
A109: Quilometragem mensal | C109: =G38 -> 1200
A110: Discriminação | C110: Unidade | D110: Consumo | E110: Custo unitário | F110: Subtotal | G110: Total (R$) | H110: R$/Km
A111: Custo de óleo diesel / km rodado | C111: km/l | D111: =F35 -> 8 | E111: =G35 -> 5.58
A112: Custo mensal com óleo diesel S-10 | C112: km | D112: =C109 -> 1200 | E112: =IFERROR(+E111/D111,"-") -> 0.6975 | F112: =IFERROR(D112*E112,"-") -> 837
...

Sheet Enc. Soc. - LR-LP e SN
A1: Composição dos Encargos Sociais
A2: Empresas Lucro Real e Lucro Presumido
A3: Código | B3: Descrição | C3: Valor %
A4: A1 | B4: INSS | C4: 0.2
A5: A2 | B5: SESI | C5: 0.015
A6: A3 | B6: SENAI | C6: 0.01
A7: A4 | B7: INCRA | C7: 0.002
A8: A5 | B8: SEBRAE | C8: 0.006
A9: A6 | B9: Salário educação | C9: 0.025
A10: A7 | B10: Seguro contra acidentes de trabalho | C10: 0.03
A11: A8 | B11: FGTS | C11: 0.08
A12: A | B12: SOMA GRUPO A | C12: =SUM(C4:C11) -> 0.368
A14: B1 | B14: Férias gozadas | C14: 0.1111
A15: B2 | B15: 13º salário | C15: 0.0833
A16: B3 | B16: Licença Paternidade | C16: 0.0005
A17: B4 | B17: Faltas justificadas | C17: 0.005
A18: B5 | B18: Auxilio acidente de trabalho | C18: 0.001
A19: B | B19: SOMA GRUPO B | C19: =SUM(C14:C18) -> 0.2009
A21: C1 | B21: Aviso prévio indenizado | C21: 0.029
A22: C2 | B22: Depósito rescisão sem justa causa | C22: 0.032
A23: C | B23: SOMA GRUPO C | C23: =SUM(C21:C22) -> 0.061
A25: D1 | B25: Reincidência de Grupo A sobre Grupo B | C25: =ROUND(C12*C19,4) -> 0.0739
A26: D2 | B26: Reincidência de FGTS sobre aviso prévio indenizado | C26: =ROUND((C21*C11),4) -> 0.0023
A27: D | B27: SOMA GRUPO D | C27: =SUM(C25:C26) -> 0.0762
B28: SOMA (A+B+C+D) | C28: =C27+C23+C19+C12 -> 0.7061
A30: Composição dos Encargos Sociais
A31: Empresas do Simples Nacional
A32: Item | B32: Descrição | C32: Valor %
A33: 1 | B33: FGTS | C33: 0.08
A34: 2 | B34: Férias (com adicional de férias) | C34: 0.1111
A35: 3 | B35: 13º Salário | C35: 0.0833
A36: 4 | B36: Provisão Multas FGTS (40% s/FGTS) | C36: 0.032
A37: 5 | B37: Previdenciários s/Férias e 13º | C37: =(C34+C35)*(C33+C36) -> 0.0217728
A38: Total | C38: =SUM(C33:C37) -> 0.3281728

Sheet BDI
A1: B.D.I. PARA EMPRESAS DO LUCRO REAL
A2: Composição BDI - Benefícios e Desp. Indiretas
A3: Descrição | B3: Sigla | C3: Municipal (%) | E3: Intermunicipal (%)
A4: Administração Central | B4: AC | C4: 0.05 | E4: =C4 -> 0.05
A5: Seguros/Riscos/Garantias | B5: SRG | C5: 0.013 | E5: =C5 -> 0.013
A6: Lucro | B6: L | C6: 0.1 | E6: =C6 -> 0.1
A7: Tributos - (ISS p/Municipal) e (ICMS p/Interm.) | B7: T | C7: 0.02 | E7: 0.024
A8: Tributos - PIS/COFINS | C8: 0.0925 | E8: =C8 -> 0.0925
A9: Fórmula para o cálculo do BDI:
A10: {[(1+AC+SRG) x (1+L)] / (1-T)} -1
A11: Resultado do cálculo do BDI: | C11: =ROUND((((1+C4+C5)*(1+C6))/(1-(C7+C8))-1),4) -> 0.3175 | E11: =ROUND((((1+E4+E5)*(1+E6))/(1-(E7+E8))-1),4) -> 0.3235
A14: B.D.I. PARA EMPRESAS DO LUCRO PRESUMIDO
A15: Composição BDI - Benefícios e Desp. Indiretas
A16: Descrição | B16: Sigla | C16: Municipal (%) | E16: Intermunicipal (%)
A17: Administração Central | B17: AC | C17: 0.05 | E17: =C17 -> 0.05
A18: Seguros/Riscos/Garantias | B18: SRG | C18: 0.013 | E18: =C18 -> 0.013
A19: Lucro | B19: L | C19: 0.1 | E19: =C19 -> 0.1
A20: Tributos - (ISS p/Municipal) e (ICMS p/Interm.) | B20: T | C20: 0.02 | E20: 0.024
A21: Tributos - PIS/COFINS | C21: 0.0365 | E21: =C21 -> 0.0365
A22: Fórmula para o cálculo do BDI:
A23: {[(1+AC+SRG) x (1+L)] / (1-T)} -1
A24: Resultado do cálculo do BDI: | C24: =ROUND((((1+C17+C18)*(1+C19))/(1-(C20+C21))-1),4) -> 0.2393 | E24: =ROUND((((1+E17+E18)*(1+E19))/(1-(E20+E21))-1),4) -> 0.2446
A27: B.D.I. PARA EMPRESAS DO SIMPLES NACIONAL
A28: Composição do BDI - Benefícios e Desp. Ind. - Sem Impostos
A29: Descrição | B29: Sigla | C29: Municipal (%) | E29: Intermunicipal (%)
A30: Administração Central | B30: AC | C30: 0.05 | E30: =C30 -> 0.05
A31: Seguros/Riscos/Garantias | B31: SRG | C31: 0.013 | E31: =C31 -> 0.013
A32: Lucro | B32: L | C32: 0.1 | E32: =C32 -> 0.1
A33: Fórmula para o cálculo do BDI - Sem impostos
A34: {[(1+AC+SRG) x (1+L)]} -1
A35: Resultado cálculo do BDI - Sem impostos | C35: =ROUND((((1+C30+C31)*(1+C32))-1),4) -> 0.1693 | E35: =ROUND((((1+E30+E31)*(1+E32))-1),4) -> 0.1693

Sheet Depr.
A1: Depreciação Referencial TCE/RS (%)
A2: Idade do veículo (ano) | B2: Depreciação Média | C2: Residual
A3: 1 | B3: 33.63 | C3: =100-B3 -> 66.37
A4: 2 | B4: 43.13 | C4: =100-B4 -> 56.87
A5: 3 | B5: 48.68 | C5: =100-B5 -> 51.32
A6: 4 | B6: 52.62 | C6: =100-B6 -> 47.38
A7: 5 | B7: 55.68 | C7: =100-B7 -> 44.32
A8: 6 | B8: 58.18 | C8: =100-B8 -> 41.82
A9: 7 | B9: 60.29 | C9: =100-B9 -> 39.71
A10: 8 | B10: 62.12 | C10: =100-B10 -> 37.88
A11: 9 | B11: 63.73 | C11: =100-B11 -> 36.27
A12: 10 | B12: 65.18 | C12: =100-B12 -> 34.82
